 Dungeon Crawl Stone Soup version 0.30-a0-46-g5a63ccc183 (webtiles) character file.

Game seed: 7637520531733554231

5005 ytrimaz the Martial Artist (level 10, 0/87 HPs)
             Began as an Octopode Transmuter on Sept 1, 2022.
             Was a Follower of Ashenzari.
             Slain by an orc warrior
             ... wielding a +0 trident
              (9 damage)
             ... on level 9 of the Dungeon.
             The game lasted 00:18:32 (13253 turns).

ytrimaz the Martial Artist (Octopode Transmuter)   Turns: 13253, Time: 00:18:33

Health: 0/87       AC: 25    Str: 10    XL:     10   Next: 54%
Magic:  19/19      EV:  2    Int: 19    God:    Ashenzari [*.....]
Gold:   1918       SH:  5    Dex: 13    Spells: 12/22 levels left

rFire   . . .      SeeInvis +      - Unarmed
rCold   + + .      Faith    .    (no shield)
rNeg    . . .      Spirit   .    (helmet currently unavailable)
rPois   +          Reflect  +    f - amulet of reflection
rElec   .          Harm     .    n - ring of Desmomancy {rC+, Elem, Melee} (curse)
rCorr   .          Rampage  .    g - ring "Vexation of Ashenzari" {rC+, Cun, Elem} (curse)
Will    .....      NoTele   +    A - ring of the All-seeing Gnosis {SInv, Elem, Bglg} (curse)
Stlth   +.........               (no ring)
HPRegen 0.24/turn                (no ring)
MPRegen 0.16/turn                (no ring)
                                 (no ring)
                                 (no ring)

@: tree-form, wereblooded
A: stationary, stasis, torment immunity, boosted hp, almost no armour,
(amphibious), 8 rings, (camouflage 1), (gelatinous body 1), (nimble swimmer 1),
(tentacles)
a: Renounce Religion, Curse Item, Shatter the Chains


You were on level 9 of the Dungeon.
You worshipped Ashenzari.
Ashenzari was aware of your devotion.
You were a tree.
You visited 2 branches of the dungeon, and saw 10 of its levels.
You also visited: Ossuary.

You collected 1918 gold pieces.


Innate Abilities, Weirdness & Mutations

You are a tree.
Your roots penetrate the ground, keeping you stationary.
You cannot be teleported.
You are immune to unholy pain and torment.
Your maximum health is greatly increased.
You cannot wear most types of armour.
((You are amphibious.))
You can wear up to eight rings at the same time.
((Your skin changes colour to match your surroundings (Stealth+).))
((Your rubbery body absorbs attacks. (AC +1, EV +1)))
((You are camouflaged when in or above water. (Stealth+)))
((You have tentacles for arms and can constrict up to eight enemies at once.))


   Skills:
 - Level 1.0 Fighting
 - Level 2.0(2.6) Dodging
 * Level 10.0(10.8) Unarmed Combat
 + Level 6.6 Spellcasting
 + Level 8.0 Transmutations
 - Level 4.5(6.2) Ice Magic
 - Level 4.0 Poison Magic


You had 12 spell levels left.
You knew the following spells:

 Your Spells              Type           Power      Damage    Failure   Level
a - Beastly Appendage     Tmut           72%        N/A       1%          1
b - Wereblood             Tmut           36%        N/A       1%          2
c - Spider Form           Tmut/Pois      29%        N/A       2%          3
d - Ice Form              Ice/Tmut       33%        N/A       5%          4

Your spell library contained the following spells:

 Spells                   Type           Power      Damage    Failure   Level
 Apportation              Tloc           12%        N/A       10%         1
 Foxfire                  Conj/Fire      24%        2x1d5     10%         1
 Necrotise                Necr           24%        1d5       11%         1
 Summon Small Mammal      Summ           24%        N/A       11%         1
 Conjure Flame            Conj/Fire      6%         6-21      30%         3
 Inner Flame              Hex/Fire       6%         N/A       30%         3
 Flame Wave               Conj/Fire      6%         2d5       69%         4

Inventory:

Missiles
 a - 34 poisoned darts {throwing}
 b - 74 stones {throwing}
 l - 5 boomerangs {throwing}
 m - 3 curare-tipped darts (quivered) {=fthrowing}
 y - 6 datura-tipped darts {throwing}
Jewellery
 f - an amulet of reflection (around neck)
   (You found it on level 3 of the Dungeon)
 g - the cursed ring "Vexation of Ashenzari" (right branch) {rC+, Cun, Elem}
   (You found it on level 5 of the Dungeon)

   [ring of protection from cold]

   rC:        It protects you from cold.
   It has a curse which improves the following skills: Cunning: Dodging and
   Stealth.
   Elements:  Fire Magic, Ice Magic, Air Magic and Earth Magic.
 n - the cursed ring of Desmomancy (left branch) {rC+, Elem, Melee}
   (You found it on level 4 of the Dungeon)

   [ring of protection from cold]

   rC:        It protects you from cold.
   It has a curse which improves the following skills: Elements: Fire Magic, Ice
   Magic, Air Magic and Earth Magic.
   Melee Combat: Short Blades, Long Blades, Axes, Maces & Flails, Polearms,
   Staves and Unarmed Combat.
 q - an amulet of the acrobat
   (You found it on level 5 of the Dungeon)
 A - the cursed ring of the All-seeing Gnosis (on tentacle) {SInv, Elem, Bglg}
   (You found it on level 8 of the Dungeon)

   [ring of see invisible]

   SInv:      It lets you see invisible.
   It has a curse which improves the following skills: Elements: Fire Magic, Ice
   Magic, Air Magic and Earth Magic.
   Beguiling: Conjurations, Hexes and Translocations.
Wands
 d - a wand of polymorph (5)
   (You found it on level 9 of the Dungeon)
 t - a wand of iceblast (9)
   (You found it on level 8 of the Dungeon)
 v - a wand of digging (3)
   (You took it off a gnoll on level 6 of the Dungeon)
 x - a wand of mindburst (7)
   (You found it on level 8 of the Dungeon)
Scrolls
 k - 4 scrolls of teleportation {@r4}
 o - 3 scrolls of immolation {!r!r}
 r - a scroll of butterflies
 u - 3 scrolls of enchant weapon
 w - a scroll of brand weapon
 z - 3 scrolls of enchant armour
 B - a scroll of torment {!r}
Potions
 c - a potion of ambrosia
 e - 2 potions of brilliance
 h - a potion of attraction {!q}
 i - a potion of mutation {!q}
 j - 2 potions of flight
 p - 2 potions of lignification {!q}
 s - 2 potions of magic

Dungeon Overview and Level Annotations

Branches:
Dungeon (9/15) Zot: 26839  Temple (1/1) D:4 Zot: 5832 Ossuary (visited)
   Lair: D:8-11         Orc: D:9-12

Altars:
Ashenzari
Cheibriados
Dithmenos
Elyvilon
Fedhas
Gozag
Hepliaklqana
Kikubaaqudgha
Makhleb
Nemelex Xobeh
Okawaru
Qazlal
Ru
Sif Muna
Trog
Uskayaw
Vehumet
Wu Jian
Xom
Yredelemnul
Zin
The Shining One

Shops:
D:8 (

Annotations:
D:5 exclusion: wraith

#....................(
#.....................
#.....................
#.....................
#.....................
#...............o.....
#............†))......
#............)♣)......
#............)))......
#.....................
#.....................
#.....................
#.....................
#.....................
#.....................
#..)..................


You could see an orc warrior (extremely poisoned, slow).


Message History

The puff of flame hits you but does no damage.
The orc warrior hits you but does no damage.
You hit the orc wizard. The kobold hits you but does no damage.
The kobold brigand hits you but does no damage.
The orc wizard hits you but does no damage.
The orc warrior hits you but does no damage.
You pummel the orc wizard!!
You feel a bit better.
You kill the orc wizard!
The kobold hits you but does no damage.
The kobold brigand completely misses you.
The orc warrior hits you but does no damage.
The orc hits you but does no damage. 😨 HP[+1]
You swing at nothing.
The kobold hits you but does no damage.
The kobold brigand hits you but does no damage.
The orc warrior hits you from afar with a +0 trident!
* * * LOW HITPOINT WARNING * * *
The orc hits you with a +0 hand axe.
* * * LOW HITPOINT WARNING * * *
😨 HP[-13]
You take 13 damage, and now have 24/87 hp.
You swing at nothing. 😨 HP[+1]
You cannot move. (Use ctrl+direction or * direction to attack while stationary and confused.)
You cannot move. (Use ctrl+direction or * direction to attack while stationary and confused.)
You cannot move. (Use ctrl+direction or * direction to attack while stationary and confused.) Unknown command.
You cannot move. (Use ctrl+direction or * direction to attack while stationary and confused.)
You closely miss the kobold.
You feel less confused. The kobold hits you but does no damage.
The kobold brigand hits you but does no damage.
The orc hits you but does no damage.
The orc warrior hits you from afar with a +0 trident.
* * * LOW HITPOINT WARNING * * *
😱 HP[-4]
You take 4 damage, and now have 21/87 hp.
You smack the kobold brigand!
You feel a bit better.
You kill the kobold brigand!
The kobold hits you but does no damage.
The orc warrior hits you from afar with a +0 trident.
* * * LOW HITPOINT WARNING * * *
The orc hits you with a +0 hand axe.
* * * LOW HITPOINT WARNING * * *
😱 HP[-2]
You take 2 damage, and now have 19/87 hp.
Unknown command.
You smack the orc!
You feel a bit better.
You kill the orc!
You block the kobold's attack.
The orc warrior hits you but does no damage. 😱 HP[+2] MP[+1]
You regained 2 hp, and now have 21/87 hp.
You swing at nothing.
You block the kobold's attack.
The orc warrior hits you from afar with a +0 trident!
* * * LOW HITPOINT WARNING * * *
😱 HP[-8]
You take 8 damage, and now have 13/87 hp.
You barely miss the kobold. You hit the kobold.
You creak as the wereblood boils in your veins!
The kobold hits you but does no damage.
You block the orc warrior's attack. 😱 HP[+1]
You pummel the kobold!!
You feel a bit better.
You kill the kobold!
You block the orc warrior's attack. 😱 HP[+1] Unknown command.
An orc warrior is nearby!
Unknown command.
You are too injured to fight recklessly!
Throw: 6 darts (curare) {=fthrowing}
Press: ? - help, Q - select action, (/) - cycle Shift-Dir - straight line, f - orc warrior
Aim: an orc warrior, wielding a +0 trident and wearing a +0 plate armour (67% to hit)
You throw a curare-tipped dart {=fthrowing}.
The curare-tipped dart {=fthrowing} hits the orc warrior.
The orc warrior is poisoned.
The orc warrior convulses.
The orc warrior seems to slow down.
The orc warrior hits you from afar with a +0 trident!
* * * LOW HITPOINT WARNING * * *
😱 HP[-7]
You take 7 damage, and now have 8/87 hp.
Unknown command.
Throw: 5 darts (curare) {=fthrowing}
Press: ? - help, Q - select action, (/) - cycle Shift-Dir - straight line, f/p - orc warrior
Aim: an orc warrior, wielding a +0 trident and wearing a +0 plate armour (lightly wounded, very poisoned, slow, 67% to hit)
You throw a curare-tipped dart {=fthrowing}.
The curare-tipped dart {=fthrowing} hits the orc warrior.
The orc warrior looks as sick as possible!
The orc warrior convulses.
The orc warrior seems to be slow for longer.
Unknown command.
Throw: 4 darts (curare) {=fthrowing}
Press: ? - help, Q - select action, (/) - cycle Shift-Dir - straight line, f/p - orc warrior
Aim: an orc warrior, wielding a +0 trident and wearing a +0 plate armour (heavily wounded, extremely poisoned, slow, 67% to hit)
You throw a curare-tipped dart {=fthrowing}.
The curare-tipped dart {=fthrowing} closely misses the orc warrior.
You creak as the wereblood boils in your veins!
The orc warrior hits you from afar with a +0 trident!
You die...

Skill      XL: |  1  2  3  4  5  6  7  8  9 10 |
---------------+-------------------------------+-----
Unarmed Combat | 4 6 8 10 | 10.0
Poison Magic   | 1 2 4 |  4.0
Transmutations | 3 4 6 7 8 |  8.0
Spellcasting   | 3 4 5 6 |  6.6
Ice Magic      | 2 4 |  4.5
Fighting       | |  1.0
Dodging        | |  2.0

Action                   |  1- 3 |  4- 6 |  7- 9 | 10-12 || total
-------------------------+-------+-------+-------+-------++-------
Melee: Unarmed           |    61 |   144 |   314 |    97 ||   616
       Kick              |    14 |     6 |     1 |       ||    21
       Tentacles         |    11 |    10 |     3 |       ||    24
       Constrict         |    11 |     6 |     1 |       ||    18
       Punch             |     2 |     1 |     1 |     3 ||     7
Throw: Dart              |       |       |       |    11 ||    11
 Cast: Beastly Appendage |    13 |     7 |     2 |       ||    22
       Spider Form       |     2 |    25 |    15 |     8 ||    50
       Ice Form          |       |       |    30 |     7 ||    37
       Wereblood         |       |       |     8 |     1 ||     9
Invok: Curse Item        |       |       |     3 |       ||     3
 Abil: End Transformatio |       |       |     1 |       ||     1
Evoke: Wand              |       |       |     1 |       ||     1
  Use: Scroll            |     3 |     7 |     5 |     1 ||    16
       Potion            |       |     3 |     7 |     5 ||    15
 Stab: Sleeping          |     3 |       |     1 |       ||     4
Armor: Skin              |     9 |    23 |    64 |   122 ||   218
Dodge: Dodged            |    45 |   100 |   139 |    48 ||   332
Block: Other             |       |    19 |    61 |    41 ||   121
       Reflection        |       |       |     2 |     1 ||     3

Levels and vault maps discovered:
D:1:      lightli_molten_gateway, layout_loops_ring,
          ebering_ecumenical_altar_hall, chequers_serial_rivers_small_3
D:2:      layout_basic, roderic_filled_cross, kennysheep_crisscross,
          uniq_natasha
D:3:      layout_loops_ring, uniq_terence
D:4:      layout_loops_corners, temple_pool_b
D:5:      layout_loops_ring
D:6:      layout_basic, chequers_ossuary_entry_cave, minmay_starry_boxes
D:7:      layout_basic, chequers_big_river, uniq_pikel, uniq_prince_ribbit1
D:8:      layout_loops_ring, nicolae_overflow_hidden_temple, serial_shops,
          kennysheep_mini, special_room [special_room_orc], serial_glass,
          glass_columns_a, glass_columns_a, glass_columns_a, glass_columns_a,
          glass_columns_a, glass_columns_b, due_unseen_surprise
D:9:      layout_big_octagon
Temple:   compressed_dpeg_triangle_lava_temple

Notes
Turn   | Place    | Note
-------+----------+-------------------------------------------
     0 | D:1      | ytrimaz the Octopode Transmuter began the quest for the
                  | Orb.
     0 | D:1      | Reached XP level 1. HP: 13/13 MP: 3/3
     0 | D:1      | magus.rc [v1.9.6]
    79 | D:1      | Found a faded altar of an unknown god.
   300 | D:1      | Reached XP level 2. HP: 18/18 MP: 3/5
   853 | D:1      | Reached skill level 4 in Unarmed Combat
   858 | D:1      | Reached XP level 3. HP: 21/23 MP: 6/6
   861 | D:1      | Learned a level 2 spell: Wereblood
   865 | D:1      | Learned a level 3 spell: Spider Form
  1003 | D:1      | Identified a scroll of acquirement
  1003 | D:1      | Acquired 1024 gold pieces
  1184 | D:2      | Reached skill level 1 in Poison Magic
  1430 | D:2      | Noticed Natasha
  1436 | D:2      | Killed Natasha
  1437 | D:2      | Reached XP level 4. HP: 20/28 MP: 3/7
  1571 | D:2      | Reached skill level 2 in Poison Magic
  1790 | D:2      | HP: 7/28 [gnoll/+0 club (8)]
  2079 | D:2      | Reached XP level 5. HP: 26/33 MP: 6/8
  2124 | D:2      | Reached skill level 3 in Poison Magic
  2142 | D:2      | Noticed Natasha
  2160 | D:2      | Killed Natasha
  2372 | D:2      | Noticed Natasha
  2381 | D:2      | Killed Natasha
  2532 | D:2      | You pick up a book of Changes and begin reading...
  2620 | D:2      | Reached skill level 3 in Transmutations
  2704 | D:2      | You pick up a book of Flames and begin reading...
  2704 | D:2      | You add the spells Foxfire, Conjure Flame, Inner Flame and
                  | Flame Wave to your library.
  3165 | D:3      | Reached skill level 3 in Spellcasting
  3165 | D:3      | Reached skill level 4 in Poison Magic
  3165 | D:3      | Reached XP level 6. HP: 38/38 MP: 6/10
  3304 | D:3      | Learned a level 4 spell: Ice Form
  3358 | D:3      | Noticed Terence
  3369 | D:3      | Killed Terence
  3754 | D:3      | You pick up a book of Flames and begin reading...
  4182 | D:4      | Reached skill level 1 in Ice Magic
  4465 | D:4      | Reached skill level 2 in Ice Magic
  4635 | D:4      | Found a staircase to the Ecumenical Temple.
  4655 | Temple   | Entered the Ecumenical Temple
  4807 | Temple   | Became a worshipper of Ashenzari the Shackled
  4838 | D:4      | Reached XP level 7. HP: 41/43 MP: 8/12
  5385 | D:4      | Reached skill level 4 in Transmutations
  5385 | D:4      | Reached skill level 3 in Ice Magic
  5856 | D:5      | Entered Level 5 of the Dungeon
  5960 | D:5      | Reached skill level 4 in Spellcasting
  6165 | D:5      | Noticed a wraith
  6460 | D:5      | Reached skill level 4 in Ice Magic
  6929 | D:6      | Reached XP level 8. HP: 48/48 MP: 11/14
  7118 | D:6      | Found a sand-covered staircase.
  7126 | Ossuary  | Entered an ossuary
  7481 | Ossuary  | Reached skill level 5 in Transmutations
  7609 | D:6      | Reached skill level 5 in Unarmed Combat
  7617 | D:6      | Reached * piety under Ashenzari
  7729 | D:6      | You pick up a book of Cantrips and begin reading...
  7729 | D:6      | You add the spells Necrotise, Summon Small Mammal and
                  | Apportation to your library.
  7885 | D:6      | Reached skill level 6 in Unarmed Combat
  9183 | D:7      | Reached skill level 6 in Transmutations
  9183 | D:7      | Reached XP level 9. HP: 43/53 MP: 12/15
  9460 | D:7      | Reached skill level 7 in Unarmed Combat
  9557 | D:7      | Noticed Pikel
  9559 | D:7      | Noticed Prince Ribbit
  9578 | D:7      | HP: 14/63 [Pikel/+2 whip of freezing (8)]
  9583 | D:7      | Killed Pikel
  9584 | D:7      | Reached skill level 5 in Spellcasting
  9590 | D:7      | Killed Prince Ribbit
  9591 | D:7      | Reached skill level 8 in Unarmed Combat
 10669 | D:8      | Reached skill level 7 in Transmutations
 10800 | D:8      | Found a white marble altar of Elyvilon.
 10801 | D:8      | Found a snail-covered altar of Cheibriados.
 10948 | D:8      | HP: 5/53 [orc warrior/+0 long sword (10)]
 11216 | D:8      | Reached XP level 10. HP: 32/58 MP: 16/18
 11461 | D:8      | Reached skill level 9 in Unarmed Combat
 11461 | D:8      | Reached skill level 6 in Spellcasting
 11683 | D:8      | Found a basalt altar of Yredelemnul.
 11731 | D:8      | HP: 9/58 [orc warrior/+0 morningstar (19)]
 11732 | D:8      | HP: 1/58 [orc warrior/+0 morningstar (14)]
 11737 | D:8      | HP: 5/58 [orc warrior/+0 morningstar (5)]
 12586 | D:8      | Found Cinaot's Antique Weapon Boutique.
 13139 | D:9      | Noticed a two-headed ogre
 13155 | D:9      | Killed a two-headed ogre
 13234 | D:9      | Reached skill level 8 in Transmutations
 13236 | D:9      | Reached skill level 10 in Unarmed Combat
 13244 | D:9      | HP: 21/87 [orc warrior/+0 trident (4)]
 13251 | D:9      | HP: 8/87 [orc warrior/+0 trident (7)]
 13253 | D:9      | Slain by an orc warrior

Vanquished Creatures
  A two-headed ogre (D:9)
  Pikel (D:7)
  A troll (D:9)
  Prince Ribbit (D:7)
  A steam dragon (D:8)
  A water moccasin (D:7)
  2 ice beasts
  6 orc warriors (D:8)
  A sky beast (D:8)
  2 black bears (D:7)
  2 ogres
  A lemure (D:7)
  3 kobold brigands
  3 necrophages
  A bullfrog (D:8)
  2 gnoll sergeants
  3 scorpions
  4 killer bees (D:9)
  3 electric eels (D:7)
  2 howler monkeys
  2 orc priests
  2 hounds
  4 jellies
  4 iguanas
  Natasha (thrice) (D:2)
  5 orc wizards
  Terence (D:3)
  8 mummies (Ossuary)
  12 gnolls
  7 adders
  A shadow imp (D:6)
  2 white imps (D:6)
  2 worms (D:2)
  45 orcs
  9 endoplasms
  2 giant cockroaches
  7 goblins
  6 hobgoblins
  3 quokkas (D:1)
  4 ball pythons
  8 bats
  3 frilled lizards
  3 gnoll zombies (Ossuary)
  A hobgoblin zombie (Ossuary)
  20 kobolds
  2 kobold zombies (Ossuary)
  2 orc zombies (Ossuary)
  5 rats
214 creatures vanquished.

Vanquished Creatures (others)
  7 plants (D:7)
7 creatures vanquished.

Grand Total: 221 creatures vanquished

Table legend:
 A = Non-vault XP
 B = Vault XP
 C = Vault XP percentage of total XP
 D = Non-vault monster count
 E = Vault monster count
 F = Vault count percentage of total count
                 A         B        C        D         E       F
            +---------+---------+-------+---------+---------+-------
      Total |    4947 |    2204 |  30.8 |     161 |      52 |  24.4
            +---------+---------+-------+---------+---------+-------
        D:1 |      37 |       0 |   0.0 |      23 |       0 |   0.0
        D:2 |     199 |      35 |  15.0 |      25 |       1 |   3.8
        D:3 |     121 |      32 |  20.9 |      14 |       1 |   6.7
        D:4 |     446 |       0 |   0.0 |      21 |       0 |   0.0
        D:5 |     248 |       0 |   0.0 |      10 |       0 |   0.0
        D:6 |     629 |     294 |  31.9 |      17 |       7 |  29.2
        D:7 |     879 |     915 |  51.0 |      17 |       2 |  10.5
        D:8 |     864 |     778 |  47.4 |      17 |      25 |  59.5
        D:9 |    1524 |       0 |   0.0 |      17 |       0 |   0.0
    Ossuary |       0 |     150 | 100.0 |       0 |      16 | 100.0
            +---------+---------+-------+---------+---------+-------

Illustrated notes

Table legend:
 A = Kills in this place as a percentage of kills in entire the game.
 B = Kills by you in this place as a percentage of kills by you in the entire game.
 C = Kills by friends in this place as a percentage of kills by friends in the entire game.
 D = Other kills in this place as a percentage of other kills in the entire game.
 E = Experience gained in this place as a percentage of experience gained in the entire game.
 F = Experience gained in this place divided by the number of levels of this place that you have seen.
                   A       B       C       D       E      F
               +-------+-------+-------+-------+-------+----------------------
         Total | 100.0 | 100.0 |   N/A |   N/A | 100.0 | 650.1
       Dungeon |  92.5 |  92.5 |   N/A |   N/A |  97.9 | 777.9
       Ossuary |   7.5 |   7.5 |   N/A |   N/A |   2.1 | 150.0
               +-------+-------+-------+-------+-------+----------------------

Table legend: (Time is in decaauts)
 A = Elapsed time spent in this place.
 B = Non-inter-level travel time spent in this place.
 C = Inter-level travel time spent in this place.
 D = Time resting spent in this place.
 E = Time spent auto-exploring this place.
 F = Levels seen in this place.
 G = Mean time per level.
                   A        B        C        D        E       F      G
               +--------+--------+--------+--------+--------+-----+--------+
         Total |  13199 |  12763 |    436 |   1362 |   9306 |  11 | 1199.9 |
       Dungeon |  12614 |  12221 |    393 |   1289 |   9022 |   9 | 1401.6 |
        Temple |    167 |    124 |     43 |      0 |    107 |   1 |  167.0 |
       Ossuary |    416 |    416 |      0 |     73 |    177 |   1 |  416.0 |
               +--------+--------+--------+--------+--------+-----+--------+

Top non-repeatable levels by time:
     D:8: 2409 daAuts
     D:2: 1899 daAuts
     D:6: 1858 daAuts
     D:7: 1571 daAuts
     D:4: 1547 daAuts
     D:3: 1132 daAuts
     D:1: 1101 daAuts
     D:5: 935 daAuts
 Ossuary: 416 daAuts
  Temple: 167 daAuts
     D:9: 159 daAuts
